 Dungeon Crawl Stone Soup version 0.25-a0-100-g33052ceff8 (webtiles) character file.

Game seed: 15158057874113847798, levelgen mode: deterministic

522 DavidChitty2 the Magician (level 7, -4/36 HPs)
             Began as a Deep Elf Wizard on Nov 14, 2019.
             Killed from afar by an orc wizard (9 damage)
             ... with a puff of frost
             ... on level 5 of the Dungeon.
             The game lasted 00:10:19 (5197 turns).

DavidChitty2 the Magician (Deep Elf Wizard)         Turns: 5197, Time: 00:10:20

Health: -4/36      AC:  2    Str:  4    XL:     7   Next: 1%
Magic:  5/17       EV: 14    Int: 25    God:
Gold:   205        SH:  0    Dex: 13    Spells: 6/17 levels left

rFire    . . .     SeeInvis .   a - +1 spear
rCold    . . .     Gourm    .   (no shield)
rNeg     . . .     Faith    .   g - +0 robe
rPois    +         Spirit   .   w - +0 hat
rElec    .         Reflect  .   (no cloak)
rCorr    .         Harm     .   (no gloves)
MR       .....                  (no boots)
Stlth    ++........             (no amulet)
HPRegen  0.12/turn              q - ring of poison resistance
MPRegen  0.15/turn              (no ring)

@: no status effects
A: no striking features
a: no special abilities


You were on level 5 of the Dungeon.
You were very hungry.

You visited 1 branch of the dungeon, and saw 5 of its levels.

You collected 205 gold pieces.

Inventory:

Hand Weapons
 a - a +1 spear (weapon)
   (You found it on level 2 of the Dungeon)
 b - a +0 dagger of holy wrath
   (You took it off a kobold on level 3 of the Dungeon)
 k - a +0 dagger
   (You took it off a kobold on level 1 of the Dungeon)
Missiles
 c - 118 stones (quivered)
 n - 40 sling bullets
Armour
 g - a +0 robe (worn)
 w - a +0 hat (worn)
Jewellery
 q - a ring of poison resistance (left hand)
   (You found it on level 2 of the Dungeon)
Wands
 t - a wand of flame (16)
   (You found it on level 4 of the Dungeon)
Scrolls
 d - 2 scrolls of remove curse {@r2}
 m - 3 scrolls of amnesia
 p - a scroll of teleportation {@r4}
Potions
 f - 3 potions of mutation {!q}
 h - a potion of agility
 i - a potion of heal wounds {@q2}
 j - a potion of might
 l - 2 potions of curing {@q1}
 r - a potion of ambrosia
Comestibles
 e - 6 rations {!d}


   Skills:
 + Level 4.0 Dodging
 - Level 2.4 Stealth
 + Level 5.8 Spellcasting
 * Level 4.5 Conjurations
 - Level 2.0 Summonings
 - Level 2.0 Translocations
 + Level 2.2 Fire Magic
 - Level 2.0 Air Magic
 - Level 2.0 Poison Magic


You had 6 spell levels left.
You knew the following spells:

 Your Spells              Type           Power        Failure   Level  Hunger
a - Magic Dart            Conj           ####         1%          1    None
b - Blink                 Tloc           N/A          4%          2    None
c - Conjure Flame         Conj/Fire      ###.....     5%          3    #......
m - Mephitic Cloud        Conj/Pois/Air  ###.....     7%          3    #......
o - Call Imp              Summ           ###.....     4%          2    None

Your spell library contained the following spells:

 Spells                   Type           Power        Failure   Level  Hunger
 Slow                     Hex            #.......     12%         2    None


Dungeon Overview and Level Annotations

Branches:
Dungeon (5/15)
 Temple: D:4-7

Altars:


Message History

The magic dart hits the centaur but does no damage.
The centaur barely misses the orc wizard.
The orc wizard gestures wildly while chanting.
The orc wizard flickers and vanishes!
Deactivating autopickup; reactivate with Ctrl-A.
The centaur barely misses something.
Aim: a centaur (severely wounded, confused)
The ball explodes into a vile cloud!
The stinking cloud engulfs the centaur but does no damage.
The stinking cloud engulfs something but does no damage.
You hear a shout! x3; You hear some strange, mumbled words.
The centaur is engulfed in noxious fumes.
The centaur appears confused.
An orc comes into view. It is wielding a +2 mace of draining.
Aim: a centaur (noxious fumes, severely wounded, confused)
The magic dart hits the centaur.
An orc comes into view. It is wielding a +0 club.
The centaur is engulfed in noxious fumes.
The centaur appears confused.
Aim: a centaur (almost dead, confused)
The magic dart hits the centaur.
You kill the centaur!
Training target 2.0 for Air Magic reached!
Your Dodging skill increases to level 4!
Your Air Magic skill increases to level 2!
You have reached level 7!
An orc comes into view. It is wielding a +0 club.
A puff of frost appears from out of thin air!
The puff of frost misses you.
A puff of flame appears from out of thin air!
The puff of flame hits you!
A magic dart appears from out of thin air!
The magic dart hits you.
You are feeling very hungry.
You hear some strange, mumbled words.
A puff of flame appears from out of thin air!
The puff of flame hits you.
A puff of frost appears from out of thin air!
The puff of frost hits you.
* * * LOW HITPOINT WARNING * * *
Something hits you.
* * * LOW HITPOINT WARNING * * *
You hear some strange, mumbled words.
A puff of flame appears from out of thin air!
The puff of flame hits you!
* * * LOW HITPOINT WARNING * * *
You hear some strange, mumbled words.
A puff of frost appears from out of thin air!
The puff of frost hits you!
You die...

#...#.###.#.........#.#####
#...#.#<#.#..######.#.#
###.#...#.#.#..##...).#.#
#.......#.#.#..##.....#.#
#.###.##..#.#.#..##.....#.#
#.........#...#..##...(.#.###
#####.###.#####..##..........
#......o.....#...(.......
#####o######@#..[........
#####..######.#......#.###
.........##....'......#...
.#######.##.##.#...#### ###
#o.#.##.#.......
##.#.##)#....#..
#o#..<.#....# ..
.#####.####.#....# .
..................#


You could see an orc.

Vanquished Creatures
  A centaur (D:5)
  A water moccasin skeleton (D:5)
  A crimson imp (D:5)
  3 worker ants
  A hound zombie (D:5)
  A gnoll (D:5)
  7 adders
  2 worms
  2 dart slugs
  2 leopard geckos
  An orc (D:3)
  A ball python (D:1)
  2 giant cockroaches (D:2)
  3 goblins
  5 hobgoblins
  2 jackals (D:2)
  6 kobolds
  2 quokkas
  5 bats
  6 frilled lizards
  A jackal skeleton (D:3)
  4 rats
59 creatures vanquished.

Vanquished Creatures (collateral kills)
  Menkaure (D:5)
  An ogre (D:4)
  A worker ant (D:4)
  2 adders
  2 gnolls (D:5)
  A worm (D:4)
  A jackal (D:2)
9 creatures vanquished.

Grand Total: 68 creatures vanquished

Notes
Turn   | Place    | Note
-------+----------+-------------------------------------------
     0 | D:1      | DavidChitty2 the Deep Elf Wizard began the quest for the
                  | Orb.
     0 | D:1      | Reached XP level 1. HP: 10/10 MP: 7/7
   565 | D:1      | Reached XP level 2. HP: 15/15 MP: 6/9
   831 | D:1      | Learned a level 2 spell: Blink
   834 | D:1      | Learned a level 2 spell: Call Imp
  1406 | D:2      | Reached XP level 3. HP: 3/19 MP: 0/11
  1982 | D:2      | Learned a level 3 spell: Conjure Flame
  1986 | D:2      | Learned a level 3 spell: Mephitic Cloud
  2487 | D:3      | Reached skill level 5 in Spellcasting
  2487 | D:3      | Reached XP level 4. HP: 24/24 MP: 9/13
  3487 | D:4      | Reached XP level 5. HP: 12/28 MP: 5/14
  3491 | D:4      | Reached skill level 1 in Fire Magic
  3566 | D:4      | Reached skill level 1 in Poison Magic
  4225 | D:4      | Noticed an ogre
  4237 | D:4      | Killed an ogre
  4237 | D:4      | Reached skill level 1 in Air Magic
  4436 | D:5      | Entered Level 5 of the Dungeon
  4734 | D:5      | Reached XP level 6. HP: 20/32 MP: 5/16
  4918 | D:5      | Noticed Menkaure
  4932 | D:5      | Killed Menkaure
  5178 | D:5      | Reached XP level 7. HP: 36/36 MP: 2/17
  5197 | D:5      | Killed from afar by an orc wizard

Levels and vault maps discovered:
D:1:      minmay_arrival_shattered_statue, layout_basic,
          hangedman_decor_growths, fountainhead
D:2:      layout_rooms
D:3:      cheibrodos_old_hovel, layout_basic
D:4:      layout_cave_pools, first_ration
D:5:      minmay_general_purpose_star, layout_basic, uniq_menkaure

Skill      XL: |  1  2  3  4  5  6 |
---------------+-------------------+-----
Conjurations   | 2 3 4 |  4.5
Dodging        | 3 4 |  4.0
Spellcasting   | 5 |  5.8
Translocations | 2 |  2.0
Summonings     | 2 |  2.0
Fire Magic     | 1 2 |  2.2
Poison Magic   | 1 2 |  2.0
Air Magic      | 1 2 |  2.0
Stealth        | |  2.4

Action                   |  1- 3 |  4- 6 |  7- 9 || total
-------------------------+-------+-------+-------++-------
Melee: Dagger            |     3 |    14 |       ||    17
       Spear             |     1 |    25 |       ||    26
 Cast: Magic Dart        |    87 |   110 |     1 ||   198
       Call Imp          |     5 |    14 |       ||    19
       Conjure Flame     |       |     5 |       ||     5
       Mephitic Cloud    |       |     5 |       ||     5
  Use: Scroll            |       |    15 |       ||    15
  Eat: Chunk             |     5 |     7 |       ||    12
Armor: Robe              |     2 |     3 |       ||     5
Dodge: Dodged            |    17 |    33 |     1 ||    51

Table legend:
 A = Non-vault XP
 B = Vault XP
 C = Vault XP percentage of total XP
 D = Non-vault monster count
 E = Vault monster count
 F = Vault count percentage of total count
                 A         B        C        D         E       F
            +---------+---------+-------+---------+---------+-------
      Total |     656 |      90 |  12.1 |      66 |       2 |   2.9
            +---------+---------+-------+---------+---------+-------
        D:1 |      19 |       0 |   0.0 |      12 |       0 |   0.0
        D:2 |      50 |       0 |   0.0 |      16 |       0 |   0.0
        D:3 |      91 |       4 |   4.2 |      18 |       1 |   5.3
        D:4 |     173 |       0 |   0.0 |      10 |       0 |   0.0
        D:5 |     323 |      86 |  21.0 |      10 |       1 |   9.1
            +---------+---------+-------+---------+---------+-------
